 Dungeon Crawl Stone Soup version 0.29.0-4-gdea44cf6ec (webtiles) character file.

Game seed: 1759385449582160398

12493 qw the Brawler (level 11, -3/107 HPs)
             Began as a Troll Cinder Acolyte on Sept 3, 2022.
             Was a Follower of Ignis.
             Slain by an apocalypse crab (7 damage)
             ... on level 1 of the Abyss.
             The game lasted 00:05:41 (9794 turns).

qw the Brawler (Troll Cinder Acolyte)               Turns: 9794, Time: 00:05:41

Health: -3/107     AC: 14    Str: 28    XL:     11   Next: 63%
Magic:  11/11      EV: 17    Int: 10    God:    Ignis [*.....]
Gold:   643        SH:  7    Dex:  5    Spells: 12/12 levels left

rFire   + . .      SeeInvis +     - Unarmed
rCold   . . .      Faith    .   u - +0 kite shield
rNeg    + . .      Spirit   .   d - +1 robe {rN+}
rPois   .          Reflect  .   (helmet restricted)
rElec   .          Harm     .   c - +1 cloak
rCorr   .          Rampage  .   (gloves unavailable)
Will    .....                   (boots unavailable)
Stlth   +.........              t - amulet of regeneration
HPRegen 1.87/turn               g - +4 ring of evasion
MPRegen 0.12/turn               r - ring of see invisible

@: agile, about to teleport, fiery-armoured, slowed, very slow
A: large, unfitting armour, claws 3, regeneration 1, shaggy fur 1, tough skin 1
a: Renounce Religion, Fiery Armour, Foxfire Swarm, Rising Flame


You were on level 1 of the Abyss.
You worshipped Ignis.
Ignis was aware of your devotion.
You visited 1 branch of the dungeon, and saw 11 of its levels.
You visited the Abyss 1 time.
You also visited: Sewer.

You collected 643 gold pieces.


Innate Abilities, Weirdness & Mutations

You are too large for most types of armour.
You have claws for hands.
Your natural rate of healing is unusually fast.
You are covered in fur. (AC +1)
You have tough skin. (AC +1)


   Skills:
 - Level 6.6 Fighting
 - Level 2.4 Throwing
 - Level 1.0 Armour
 - Level 1.6 Dodging
 + Level 4.5 Shields
 - Level 15.9 Unarmed Combat
 - Level 1.0 Spellcasting
 - Level 2.1 Fire Magic


You had 12 spell levels left.
You didn't know any spells.
Your spell library contained the following spells:

 Spells                   Type           Power      Damage    Failure   Level
 Scorch                   Fire           8%         2d5       43%         2

Inventory:

Missiles
 a - 16 boomerangs (quivered)
Armour
 c - a +1 cloak (worn)
 d - a +1 robe of positive energy (worn)
 u - a +0 kite shield (worn)
Jewellery
 g - a +4 ring of evasion (left claw)
 p - a +4 ring of protection
 r - a ring of see invisible (right claw)
 t - an amulet of regeneration (around neck)
Scrolls
 j - 5 scrolls of identify
 m - a scroll of brand weapon
 q - a scroll of teleportation
Potions
 e - 2 potions of curing
 f - 5 potions of mutation
 i - 2 potions of resistance
 k - 3 potions of haste
 n - 2 potions of cancellation

Dungeon Overview and Level Annotations

Branches:
Dungeon (11/15)            Temple (0/1) D:4           Sewer (visited)
   Lair: D:8-11         Orc: D:9-12

Altars:
Dithmenos
Kikubaaqudgha
Makhleb
Qazlal
Ru
Sif Muna
Uskayaw
The Shining One

Shops:
D:5 :   D:11 :

Annotations:
D:3 3 runed translucent doors, Epsufem's ghost, amateur TeWr
D:4 3 runed translucent doors, qw's ghost, amateur TrCA
D:11 Sonja


Message History

The apocalypse crab breathes chaos at you.
The blast of chaos misses you.
9790 ||| Stepping ~*~*~tactically~*~*~ (cloud).
The apocalypse crab is engulfed in seething chaos.
The apocalypse crab goes berserk!
You claw the apocalypse crab!
The apocalypse crab is lightly wounded.
The apocalypse crab bites you but does no damage.
The apocalypse crab resists.
The apocalypse crab is burned by your cloak of flames.
The apocalypse crab is lightly wounded.
The apocalypse crab closely misses you. The apocalypse crab bites you.
The apocalypse crab freezes you!!
The apocalypse crab resists.
The apocalypse crab is burned by your cloak of flames.
The apocalypse crab is lightly wounded.
The apocalypse crab claws you!
You closely miss the apocalypse crab.
The apocalypse crab is lightly wounded.
You block the apocalypse crab's attack.
The apocalypse crab claws you but does no damage.
The apocalypse crab bites you!
You feel agile all of a sudden.
The apocalypse crab completely misses you.
9793 ||| READING 2 scrolls of teleportation.
As you read the scroll of teleportation, it crumbles to dust.
You feel strangely unstable.
You feel the power of the Abyss delaying your translocation!
The apocalypse crab bites you!!
The apocalypse crab draws strength from your injuries!
The apocalypse crab resists.
The apocalypse crab is burned by your cloak of flames.
The apocalypse crab is lightly wounded.
The apocalypse crab closely misses you. x2
You block the apocalypse crab's attack.
You scratch the apocalypse crab.
The apocalypse crab is lightly wounded.
The apocalypse crab bites you!
You easily resist.
The apocalypse crab completely resists.
The apocalypse crab closely misses you. The apocalypse crab barely misses you.
The apocalypse crab claws you!
You die...

.. .#. # .. #
. ##.## .#
.#...# .#
###...# .#
##.#..# .. .
##ยค#@..#.#..#
#...t.....#.
#.............
#.........#...
....##.......#
.... #.......#
#... .###....#
#.. #. .#####
##' ## #


You could see an apocalypse crab (berserk).

Vanquished Creatures
  A boulder beetle (D:6)
  3 two-headed ogres
  A thrashing horror (Abyss:1)
  2 large abominations (Abyss:1)
  Pikel (D:7)
  Joseph (D:8)
  A gargoyle (D:11)
  An unseen horror (D:10)
  2 trolls
  Prince Ribbit (D:9)
  A vampire (D:11)
  11 yaks (D:10)
  Grum (D:8)
  3 steam dragons
  Menkaure (D:6)
  Edmund (D:6)
  3 water moccasins
  5 orc warriors
  3 sky beasts
  A black bear (D:6)
  5 centaurs
  A starcursed mass (Abyss:1)
  2 ogres (D:6)
  4 wolves (D:8)
  A phantom (D:7)
  A kobold brigand (D:8)
  2 bullfrogs
  2 necrophages
  3 gnoll sergeants
  2 scorpions
  9 wights
  3 howler monkeys (D:7)
  3 gnoll boudas
  3 orc priests
  3 hounds
  3 jellies
  Jessica (D:2)
  2 iguanas
  4 orc wizards
  36 gnolls
  A river rat (D:5)
  6 adders
  2 ufetubi
  2 worms (D:4)
  8 dart slugs
  26 orcs
  5 ball pythons
  6 bats (D:1)
  6 endoplasms
  4 giant cockroaches
  9 goblins
  8 hobgoblins
  3 jackals
  15 kobolds
  3 quokkas
  A frilled lizard (D:2)
  6 rats
245 creatures vanquished.

Vanquished Creatures (others)
  A human (D:4)
  An orc wizard (D:5)
  A white imp (D:7)
  A demonic plant (D:2)
  3 fungi (D:2)
  5 plants (D:2)
  2 withered plants (D:2)
14 creatures vanquished.

Grand Total: 259 creatures vanquished

Notes
Turn   | Place    | Note
-------+----------+-------------------------------------------
     0 | D:1      | qw the Troll Cinder Acolyte began the quest for the Orb.
     0 | D:1      | Reached XP level 1. HP: 22/22 MP: 1/1
     0 | D:1      | 0 ||| qw: Version: 0.1-a-100-g36b9a1f
     0 | D:1      | 0 ||| qw: Game counter: 5045
     0 | D:1      | 0 ||| qw: Always use a shield: true
     0 | D:1      | 0 ||| qw: God list: Okawaru
     0 | D:1      | 0 ||| qw: Allow faded altars: false
     0 | D:1      | 0 ||| qw: Do Orc after D:15 true
     0 | D:1      | 0 ||| qw: Do second Lair branch before Depths: true
     0 | D:1      | 0 ||| qw: Lair rune preference: random
     0 | D:1      | 0 ||| qw: Plans: Normal
     0 | D:1      | 0 ||| PLANNING D:1-11
    90 | D:1      | Reached XP level 2. HP: 29/29 MP: 2/2
   142 | D:1      | 142 ||| Stepping ~*~*~tactically~*~*~ (hiding).
   145 | D:1      | 145 ||| Stepping ~*~*~tactically~*~*~ (hiding).
   325 | D:1      | 325 ||| Stepping ~*~*~tactically~*~*~ (stealth).
   327 | D:1      | 327 ||| Stepping ~*~*~tactically~*~*~ (stealth).
   328 | D:1      | 328 ||| Stepping ~*~*~tactically~*~*~ (stealth).
   331 | D:1      | 331 ||| Stepping ~*~*~tactically~*~*~ (stealth).
   332 | D:1      | 332 ||| Stepping ~*~*~tactically~*~*~ (stealth).
   380 | D:1      | Reached skill level 4 in Unarmed Combat
   438 | D:1      | 438 ||| Stepping ~*~*~tactically~*~*~ (stealth).
   441 | D:1      | 441 ||| Stepping ~*~*~tactically~*~*~ (stealth).
   444 | D:1      | 444 ||| Stepping ~*~*~tactically~*~*~ (stealth).
   540 | D:1      | Reached XP level 3. HP: 36/36 MP: 3/3
  1205 | D:1      | 1205 ||| UPGRADING to +0 cloak.
  1210 | D:1      | 1210 ||| READING scroll labelled LUADUTH IWOITZ.
  1215 | D:1      | 1215 ||| READING scroll labelled WUICKOUSIPT.
  1216 | D:1      | 1216 ||| READING scroll labelled HAPYTU MEYVE.
  1217 | D:1      | 1217 ||| READING scroll labelled JUFIUXO DUJ LISK.
  1218 | D:1      | 1218 ||| DRINKING 3 emerald potions.
  1219 | D:1      | 1219 ||| DRINKING 3 yellow potions.
  1338 | D:2      | 1338 ||| Stepping ~*~*~tactically~*~*~ (hiding).
  1343 | D:2      | 1343 ||| Stepping ~*~*~tactically~*~*~ (hiding).
  1405 | D:2      | Found a faded altar of an unknown god.
  1412 | D:2      | 1412 ||| Stepping ~*~*~tactically~*~*~ (stealth).
  1418 | D:2      | 1418 ||| Stepping ~*~*~tactically~*~*~ (stealth).
  1422 | D:2      | 1422 ||| Stepping ~*~*~tactically~*~*~ (stealth).
  1513 | D:2      | 1513 ||| Stepping ~*~*~tactically~*~*~ (hiding).
  1632 | D:2      | 1632 ||| Stepping ~*~*~tactically~*~*~ (stealth).
  1634 | D:2      | 1634 ||| Stepping ~*~*~tactically~*~*~ (stealth).
  1693 | D:2      | You fall into a shaft and drop 1 floor!
  1771 | D:3      | Found a runed translucent gate.
  1771 | D:3      | Found a runed translucent gate.
  1772 | D:3      | Found a runed translucent gate.
  1774 | D:3      | Noticed Epsufem's ghost (amateur TeWr)
  1776 | D:3      | Identified the +2 short sword "Killer Klown's Foe" {vorpal,
                  | rF+ rN++ Will- Stlth+}
  1852 | D:3      | 1852 ||| UPGRADING to ring of protection from cold.
  1853 | D:3      | 1853 ||| READING scroll labelled YDOUDE WEONKUUCK.
  1854 | D:3      | 1854 ||| READING scroll labelled INNIQY QEMPYVO.
  1855 | D:3      | 1855 ||| READING scroll labelled RUM POETT.
  1856 | D:3      | 1856 ||| DRINKING 5 fuming cyan potions.
  1857 | D:3      | 1857 ||| READING 2 scrolls of identify.
  1857 | D:3      | 1857 ||| IDENTIFYING brown potion
  1858 | D:3      | 1858 ||| DROPPING 4 potions of flight.
  2036 | D:2      | Noticed Jessica
  2038 | D:2      | Killed Jessica
  2039 | D:2      | Reached skill level 5 in Unarmed Combat
  2039 | D:2      | Reached XP level 4. HP: 41/44 MP: 4/4
  2162 | D:2      | 2162 ||| UPGRADING to +1 robe of positive energy.
  2172 | D:2      | 2172 ||| DROPPING +0 robe.
  2827 | D:3      | 2827 ||| READING 2 scrolls of identify.
  2827 | D:3      | 2827 ||| IDENTIFYING dark potion
  2828 | D:3      | 2828 ||| DROPPING potion of attraction.
  2849 | D:4      | 2849 ||| STAIRDANCE
  2916 | D:4      | Found a runed translucent gate.
  2917 | D:4      | Found a runed translucent gate.
  2929 | D:4      | Noticed a necrophage
  2939 | D:4      | 2939 ||| Stepping ~*~*~tactically~*~*~ (stealth).
  2944 | D:4      | Killed a necrophage
  2945 | D:4      | Reached skill level 6 in Unarmed Combat
  2945 | D:4      | Reached XP level 5. HP: 48/50 MP: 5/5
  2993 | D:4      | 2993 ||| Stepping ~*~*~tactically~*~*~ (stealth).
  2998 | D:4      | Found a staircase to the Ecumenical Temple.
  3017 | D:4      | Noticed a sky beast
  3021 | D:4      | 3021 ||| Stepping ~*~*~tactically~*~*~ (outnumbered).
  3022 | D:4      | 3022 ||| Stepping ~*~*~tactically~*~*~ (outnumbered).
  3032 | D:4      | Killed a sky beast
  3033 | D:4      | Reached skill level 7 in Unarmed Combat
  3033 | D:4      | Reached XP level 6. HP: 51/59 MP: 6/6
  3035 | D:4      | 3035 ||| FLEEEEING.
  3071 | D:4      | Found an ancient bone altar of Kikubaaqudgha.
  3072 | D:4      | Noticed a human
  3074 | D:4      | Killed a human
  3106 | D:4      | 3106 ||| Stepping ~*~*~tactically~*~*~ (stealth).
  3108 | D:4      | 3108 ||| Stepping ~*~*~tactically~*~*~ (hiding).
  3146 | D:4      | 3146 ||| Stepping ~*~*~tactically~*~*~ (hiding).
  3147 | D:4      | 3147 ||| Stepping ~*~*~tactically~*~*~ (hiding).
  3148 | D:4      | 3148 ||| Stepping ~*~*~tactically~*~*~ (hiding).
  3193 | D:4      | Found a stormy altar of Qazlal.
  3194 | D:4      | Noticed an air elemental
  3294 | D:4      | Noticed a fire elemental
  3294 | D:4      | Noticed a water elemental
  3352 | D:4      | Found a runed translucent gate.
  3356 | D:4      | Noticed qw's ghost (amateur TrCA)
  3356 | D:4      | Noticed qw's ghost (amateur TrCA)
  3407 | D:4      | 3407 ||| READING scroll of teleportation.
  3464 | D:5      | Entered Level 5 of the Dungeon
  3465 | D:5      | 3465 ||| PLANNING SEWER
  3466 | D:5      | 3466 ||| INVOKING Fiery Armour.
  3547 | D:5      | Found a glowing drain.
  3557 | Sewer    | Entered a sewer
  3595 | Sewer    | Noticed a water moccasin
  3599 | Sewer    | Killed a water moccasin
  3600 | Sewer    | Reached skill level 8 in Unarmed Combat
  3600 | Sewer    | Reached XP level 7. HP: 63/66 MP: 7/7
  3659 | Sewer    | 3659 ||| READING scroll labelled BULEPT IPLUNUID.
  3660 | Sewer    | 3660 ||| DRINKING 2 metallic yellow potions.
  3661 | Sewer    | 3661 ||| READING 2 scrolls of identify.
  3661 | Sewer    | 3661 ||| IDENTIFYING sedimented pink potion
  3677 | D:5      | 3677 ||| PLANNING D:1-11
  3702 | D:5      | 3702 ||| Stepping ~*~*~tactically~*~*~ (stealth).
  3704 | D:5      | 3704 ||| Stepping ~*~*~tactically~*~*~ (stealth).
  3706 | D:5      | 3706 ||| Stepping ~*~*~tactically~*~*~ (stealth).
  3709 | D:5      | 3709 ||| Stepping ~*~*~tactically~*~*~ (hiding).
  3711 | D:5      | 3711 ||| Stepping ~*~*~tactically~*~*~ (hiding).
  3713 | D:5      | 3713 ||| Stepping ~*~*~tactically~*~*~ (outnumbered).
  3714 | D:5      | 3714 ||| Stepping ~*~*~tactically~*~*~ (outnumbered).
  3723 | D:5      | 3723 ||| DRINKING 2 potions of curing.
  3723 | D:5      | 3723 ||| (to cure confusion)
  3750 | D:5      | Reached skill level 3 in Fighting
  3822 | D:5      | Found Fokad's Book Shoppe.
  3859 | D:5      | 3859 ||| Stepping ~*~*~tactically~*~*~ (hiding).
  3873 | D:5      | 3873 ||| FLEEEEING.
  3939 | D:5      | Found a shadowy altar of Dithmenos.
  3982 | D:5      | 3982 ||| Stepping ~*~*~tactically~*~*~ (hiding).
  3987 | D:5      | 3987 ||| Stepping ~*~*~tactically~*~*~ (hiding).
  4032 | D:5      | 4032 ||| Stepping ~*~*~tactically~*~*~ (hiding).
  4040 | D:5      | Reached skill level 9 in Unarmed Combat
  4329 | D:5      | 4329 ||| Stepping ~*~*~tactically~*~*~ (hiding).
  4338 | D:5      | Reached skill level 1 in Throwing
  4357 | D:5      | Reached skill level 1 in Dodging
  4357 | D:5      | Reached XP level 8. HP: 53/75 MP: 8/8
  4371 | D:5      | 4371 ||| FLEEEEING.
  4374 | D:5      | 4374 ||| Stepping ~*~*~tactically~*~*~ (stealth).
  4375 | D:5      | 4375 ||| Stepping ~*~*~tactically~*~*~ (stealth).
  4376 | D:5      | 4376 ||| Stepping ~*~*~tactically~*~*~ (stealth).
  4436 | D:5      | 4436 ||| UPGRADING to ring of resist corrosion.
  4437 | D:5      | 4437 ||| READING 2 scrolls of identify.
  4437 | D:5      | 4437 ||| IDENTIFYING glowing sapphire potion
  4438 | D:5      | 4438 ||| DROPPING potion of invisibility.
  4600 | D:6      | 4600 ||| Stepping ~*~*~tactically~*~*~ (stealth).
  4601 | D:6      | 4601 ||| Stepping ~*~*~tactically~*~*~ (stealth).
  4607 | D:6      | 4607 ||| INVOKING Fiery Armour.
  4612 | D:6      | 4612 ||| Stepping ~*~*~tactically~*~*~ (outnumbered).
  4614 | D:6      | 4614 ||| Stepping ~*~*~tactically~*~*~ (outnumbered).
  4690 | D:6      | 4690 ||| Stepping ~*~*~tactically~*~*~ (stealth).
  4691 | D:6      | 4691 ||| Stepping ~*~*~tactically~*~*~ (stealth).
  4785 | D:6      | Reached skill level 10 in Unarmed Combat
  4815 | D:6      | Noticed Edmund
  4819 | D:6      | Noticed Menkaure
  4820 | D:6      | 4820 ||| INVOKING Fiery Armour.
  4827 | D:6      | Killed Edmund
  4833 | D:6      | Killed Menkaure
  4836 | D:6      | 4836 ||| Stepping ~*~*~tactically~*~*~ (outnumbered).
  4852 | D:6      | Reached skill level 11 in Unarmed Combat
  4898 | D:6      | 4898 ||| FLEEEEING.
  4899 | D:6      | 4899 ||| FLEEEEING.
  5017 | D:6      | Noticed a boulder beetle
  5018 | D:6      | 5018 ||| INVOKING Fiery Armour.
  5034 | D:6      | 5034 ||| FLEEEEING.
  5035 | D:6      | 5035 ||| STAIRDANCE
  5090 | D:5      | 5090 ||| UPGRADING to +4 ring of evasion.
  5092 | D:5      | 5092 ||| UPGRADING to ring of see invisible.
  5125 | D:6      | 5125 ||| INVOKING Fiery Armour.
  5126 | D:6      | Killed a boulder beetle
  5127 | D:6      | Reached skill level 12 in Unarmed Combat
  5127 | D:6      | Reached XP level 9. HP: 84/84 MP: 9/9
  5337 | D:6      | 5337 ||| READING scroll labelled TIERYT CYUQEU.
  5438 | D:6      | 5438 ||| READING 2 scrolls of identify.
  5438 | D:6      | 5438 ||| IDENTIFYING clear potion
  5439 | D:6      | 5439 ||| DROPPING potion of berserk rage.
  5470 | D:7      | Noticed Pikel
  5483 | D:7      | Killed Pikel
  5634 | D:7      | 5634 ||| Stepping ~*~*~tactically~*~*~ (hiding).
  5640 | D:7      | 5640 ||| Stepping ~*~*~tactically~*~*~ (hiding).
  5848 | D:7      | Reached XP level 10. HP: 85/98 MP: 10/10
  6351 | D:7      | 6351 ||| UPGRADING to amulet of regeneration.
  6356 | D:7      | 6356 ||| READING scroll labelled PAARAW TUAWU.
  6357 | D:7      | 6357 ||| DRINKING 2 viscous orange potions.
  6458 | D:7      | 6458 ||| READING 4 scrolls of identify.
  6458 | D:7      | 6458 ||| IDENTIFYING purple potion
  6459 | D:7      | 6459 ||| DROPPING potion of brilliance.
  6460 | D:7      | 6460 ||| DROPPING potion of ambrosia.
  6564 | D:8      | Reached skill level 13 in Unarmed Combat
  6653 | D:8      | Reached skill level 1 in Armour
  6654 | D:8      | 6654 ||| INVOKING Fiery Armour.
  6660 | D:8      | 6660 ||| Stepping ~*~*~tactically~*~*~ (outnumbered).
  6661 | D:8      | 6661 ||| Stepping ~*~*~tactically~*~*~ (outnumbered).
  6663 | D:8      | 6663 ||| Stepping ~*~*~tactically~*~*~ (outnumbered).
  6664 | D:8      | 6664 ||| Stepping ~*~*~tactically~*~*~ (outnumbered).
  6736 | D:8      | 6736 ||| Stepping ~*~*~tactically~*~*~ (hiding).
  6737 | D:8      | 6737 ||| Stepping ~*~*~tactically~*~*~ (hiding).
  6738 | D:8      | 6738 ||| Stepping ~*~*~tactically~*~*~ (hiding).
  6743 | D:8      | 6743 ||| Stepping ~*~*~tactically~*~*~ (outnumbered).
  6749 | D:8      | 6749 ||| Stepping ~*~*~tactically~*~*~ (outnumbered).
  6842 | D:8      | Noticed Joseph
  6842 | D:8      | Noticed Grum
  6843 | D:8      | 6843 ||| Stepping ~*~*~tactically~*~*~ (hiding).
  6848 | D:8      | 6848 ||| INVOKING Fiery Armour.
  6856 | D:8      | 6856 ||| Stepping ~*~*~tactically~*~*~ (outnumbered).
  6861 | D:8      | Killed Joseph
  6867 | D:8      | 6867 ||| Stepping ~*~*~tactically~*~*~ (outnumbered).
  6872 | D:8      | HP: 21/98 [Grum/-1 spear (12)]
  6873 | D:8      | Reached skill level 14 in Unarmed Combat
  6873 | D:8      | 6873 ||| READING 3 scrolls of teleportation.
  6874 | D:8      | 6874 ||| DRINKING 2 potions of heal wounds.
  6912 | D:8      | Noticed a two-headed ogre
  6918 | D:8      | Killed a two-headed ogre
  6919 | D:8      | Reached skill level 6 in Fighting
  6924 | D:8      | 6924 ||| FLEEEEING.
  6925 | D:8      | 6925 ||| FLEEEEING.
  6947 | D:8      | 6947 ||| Stepping ~*~*~tactically~*~*~ (stealth).
  6949 | D:8      | 6949 ||| Stepping ~*~*~tactically~*~*~ (outnumbered).
  6955 | D:8      | 6955 ||| INVOKING Fiery Armour.
  6961 | D:8      | Killed Grum
  6986 | D:8      | 6986 ||| READING scroll of enchant armour.
  6986 | D:8      | 6986 ||| ENCHANTING +0 cloak.
  7043 | D:8      | Found a glowing golden altar of the Shining One.
  7046 | D:8      | Identified the +2 leather armour of Indomitability {rC++
                  | rCorr}
  7682 | D:8      | 7682 ||| Stepping ~*~*~tactically~*~*~ (hiding).
  7683 | D:8      | 7683 ||| Stepping ~*~*~tactically~*~*~ (hiding).
  7876 | D:8      | 7876 ||| READING 5 scrolls of identify.
  7876 | D:8      | 7876 ||| IDENTIFYING lumpy puce potion
  7877 | D:8      | 7877 ||| DROPPING potion of lignification.
  7944 | D:9      | Noticed a two-headed ogre
  7949 | D:9      | 7949 ||| INVOKING Fiery Armour.
  7953 | D:9      | 7953 ||| Stepping ~*~*~tactically~*~*~ (outnumbered).
  7954 | D:9      | 7954 ||| Stepping ~*~*~tactically~*~*~ (outnumbered).
  7955 | D:9      | 7955 ||| Stepping ~*~*~tactically~*~*~ (hiding).
  7957 | D:9      | 7957 ||| FLEEEEING.
  7958 | D:9      | 7958 ||| FLEEEEING.
  7959 | D:9      | 7959 ||| FLEEEEING.
  7960 | D:9      | 7960 ||| FLEEEEING.
  7962 | D:9      | Killed a two-headed ogre
  7971 | D:9      | 7971 ||| Stepping ~*~*~tactically~*~*~ (outnumbered).
  7972 | D:9      | 7972 ||| Stepping ~*~*~tactically~*~*~ (outnumbered).
  7973 | D:9      | 7973 ||| Stepping ~*~*~tactically~*~*~ (outnumbered).
  7974 | D:9      | 7974 ||| Stepping ~*~*~tactically~*~*~ (outnumbered).
  7977 | D:9      | 7977 ||| Stepping ~*~*~tactically~*~*~ (outnumbered).
  7978 | D:9      | 7978 ||| Stepping ~*~*~tactically~*~*~ (outnumbered).
  7981 | D:9      | 7981 ||| Stepping ~*~*~tactically~*~*~ (outnumbered).
  7982 | D:9      | 7982 ||| Stepping ~*~*~tactically~*~*~ (outnumbered).
  7983 | D:9      | 7983 ||| Stepping ~*~*~tactically~*~*~ (outnumbered).
  7984 | D:9      | 7984 ||| Stepping ~*~*~tactically~*~*~ (outnumbered).
  7985 | D:9      | 7985 ||| Stepping ~*~*~tactically~*~*~ (outnumbered).
  7986 | D:9      | 7986 ||| Stepping ~*~*~tactically~*~*~ (outnumbered).
  8017 | D:9      | 8017 ||| Stepping ~*~*~tactically~*~*~ (stealth).
  8040 | D:9      | 8040 ||| Stepping ~*~*~tactically~*~*~ (stealth).
  8042 | D:9      | 8042 ||| Stepping ~*~*~tactically~*~*~ (hiding).
  8058 | D:9      | 8058 ||| FLEEEEING.
  8059 | D:9      | 8059 ||| FLEEEEING.
  8062 | D:9      | 8062 ||| FLEEEEING.
  8136 | D:9      | Noticed Prince Ribbit
  8154 | D:9      | Killed Prince Ribbit
  8155 | D:9      | Reached skill level 15 in Unarmed Combat
  8155 | D:9      | Reached XP level 11. HP: 92/107 MP: 11/11
  8398 | D:9      | Found a burning altar of Makhleb.
  8411 | D:9      | 8411 ||| DROPPING amulet of guardian spirit.
  8425 | D:10     | Entered Level 10 of the Dungeon
  8437 | D:10     | 8437 ||| Stepping ~*~*~tactically~*~*~ (stealth).
  8610 | D:10     | Found a hide-covered altar of Uskayaw.
  8611 | D:10     | Found a sacrificial altar of Ru.
  8669 | D:10     | Noticed a two-headed ogre
  8682 | D:10     | 8682 ||| INVOKING Fiery Armour.
  8684 | D:10     | Killed a two-headed ogre
  8721 | D:10     | 8721 ||| Stepping ~*~*~tactically~*~*~ (stealth).
  8725 | D:10     | 8725 ||| Stepping ~*~*~tactically~*~*~ (stealth).
  8737 | D:10     | 8737 ||| Stepping ~*~*~tactically~*~*~ (outnumbered).
  8738 | D:10     | 8738 ||| Stepping ~*~*~tactically~*~*~ (outnumbered).
  8739 | D:10     | 8739 ||| Stepping ~*~*~tactically~*~*~ (outnumbered).
  8740 | D:10     | 8740 ||| Stepping ~*~*~tactically~*~*~ (outnumbered).
  8741 | D:10     | 8741 ||| Stepping ~*~*~tactically~*~*~ (outnumbered).
  8742 | D:10     | 8742 ||| Stepping ~*~*~tactically~*~*~ (outnumbered).
  8743 | D:10     | 8743 ||| Stepping ~*~*~tactically~*~*~ (outnumbered).
  8744 | D:10     | 8744 ||| Stepping ~*~*~tactically~*~*~ (outnumbered).
  8871 | D:10     | 8871 ||| Stepping ~*~*~tactically~*~*~ (hiding).
  8884 | D:10     | 8884 ||| Stepping ~*~*~tactically~*~*~ (hiding).
  9182 | D:10     | 9182 ||| Stepping ~*~*~tactically~*~*~ (stealth).
  9186 | D:10     | 9186 ||| FLEEEEING.
  9195 | D:10     | 9195 ||| FLEEEEING.
  9196 | D:10     | 9196 ||| FLEEEEING.
  9197 | D:10     | 9197 ||| FLEEEEING.
  9198 | D:10     | 9198 ||| FLEEEEING.
  9269 | D:10     | Found a shimmering blue altar of Sif Muna.
  9346 | D:10     | 9346 ||| UPGRADING to +0 kite shield.
  9351 | D:10     | 9351 ||| DROPPING ring of protection from cold.
  9352 | D:10     | 9352 ||| DROPPING ring of resist corrosion.
  9353 | D:10     | 9353 ||| READING scroll labelled TANWUU RUNLENTU.
  9354 | D:10     | 9354 ||| READING 6 scrolls of identify.
  9354 | D:10     | 9354 ||| IDENTIFYING bubbling clear potion
  9355 | D:10     | 9355 ||| DROPPING potion of degeneration.
  9389 | D:11     | 9389 ||| Stepping ~*~*~tactically~*~*~ (hiding).
  9404 | D:11     | Reached skill level 1 in Shields
  9471 | D:11     | Found Qijoull's Book Shoppe.
  9557 | D:11     | Noticed Sonja
  9558 | D:11     | 9558 ||| INVOKING Fiery Armour.
  9563 | Abyss:1  | Cast into level 1 of the Abyss (Sonja)
  9570 | Abyss:1  | 9570 ||| READING scroll labelled PELAIZ OTU MET.
  9596 | Abyss:1  | 9596 ||| Stepping ~*~*~tactically~*~*~ (stealth).
  9614 | Abyss:1  | 9614 ||| Stepping ~*~*~tactically~*~*~ (stealth).
  9722 | Abyss:1  | Noticed a thrashing horror
  9731 | Abyss:1  | Noticed a large abomination
  9740 | Abyss:1  | 9740 ||| INVOKING Fiery Armour.
  9745 | Abyss:1  | Killed a large abomination
  9746 | Abyss:1  | Reached skill level 3 in Shields
  9746 | Abyss:1  | HP: 23/107 [thrashing horror (11)]
  9747 | Abyss:1  | 9747 ||| READING 3 scrolls of teleportation.
  9748 | Abyss:1  | Noticed a starcursed mass
  9748 | Abyss:1  | 9748 ||| DRINKING 3 potions of heal wounds.
  9751 | Abyss:1  | 9751 ||| Stepping ~*~*~tactically~*~*~ (outnumbered).
  9752 | Abyss:1  | Killed a thrashing horror
  9759 | Abyss:1  | HP: 15/107 [starcursed mass/accursed screaming (12)]
  9760 | Abyss:1  | 9760 ||| DRINKING 2 potions of heal wounds.
  9761 | Abyss:1  | 9761 ||| DRINKING potion of heal wounds.
  9766 | Abyss:1  | Paralysed by accursed screaming for 1 turns
  9766 | Abyss:1  | HP: 25/107 [raiju (8)]
  9787 | Abyss:1  | 9787 ||| Stepping randomly (cloudy).
  9788 | Abyss:1  | 9788 ||| Stepping ~*~*~tactically~*~*~ (cloud).
  9789 | Abyss:1  | 9789 ||| Stepping ~*~*~tactically~*~*~ (cloud).
  9790 | Abyss:1  | 9790 ||| Stepping ~*~*~tactically~*~*~ (cloud).
  9792 | Abyss:1  | HP: 26/107 [apocalypse crab (15)]
  9793 | Abyss:1  | 9793 ||| READING 2 scrolls of teleportation.
  9793 | Abyss:1  | HP: 10/107 [apocalypse crab (18)]
  9794 | Abyss:1  | HP: 4/107 [apocalypse crab (9)]
  9794 | Abyss:1  | Slain by an apocalypse crab

Levels and vault maps discovered:
D:1:      dpeg_arrival_rooms_with_view, layout_basic
D:2:      layout_basic, shapermc_ecumenical_altar_gd, uniq_jessica
D:3:      layout_basic, biasface_ghost_orc_armoury,
          chequers_serial_rivers_large_a, chequers_mini_garden
D:4:      layout_rooms, nicolae_qazlal_style_of_elements, tgw_kikubaaqudgha,
          minmay_temple_entry_crystal_x, gammafunk_ghost_cemetery, serial_glass,
          glass_columns_c, glass_columns_a, grunt_ministairs_8, st_stairs_11
D:5:      layout_loops_ring, nicolae_overflow_hidden_temple, serial_shops, shop,
          portal_sewer_entry_b, grunt_ministairs_4
D:6:      layout_basic, uniq_menkaure, uniq_edmund
D:7:      layout_loops_corners, uniq_pikel
D:8:      layout_layer_cave, nicolae_tso_swordbearing_angel, uniq_joseph,
          uniq_grum
D:9:      layout_cave_pools, mainiacjoe_overflow_alcove_4, uniq_prince_ribbit1
D:10:     layout_loops_ring, minitemple, enter_bailey_4,
          kennysheep_generic_room_8
D:11:     layout_basic, lair_entry_dummy, gammafunk_ghost_ooze, serial_shops,
          shop_fountains, minivault_24, uniq_sonja
Abyss:1:  base:
D:2

Skill      XL: |  1  2  3  4  5  6  7  8  9 10 11 |
---------------+----------------------------------+-----
Unarmed Combat | 4 5 6 7 8 9 12 15 | 15.9
Fighting       | 3 4 5 6 |  6.6
Throwing       | 1 2 |  2.4
Dodging        | 1 |  1.6
Armour         | 1 |  1.0
Shields        | 4 |  4.5
Spellcasting   | |  1.0
Fire Magic     | |  2.1

Action                   |  1- 3 |  4- 6 |  7- 9 | 10-12 || total
-------------------------+-------+-------+-------+-------++-------
Melee: Unarmed           |   103 |    93 |   210 |   250 ||   656
       Punch             |     2 |     5 |    10 |    16 ||    33
Throw: Boomerang         |       |    23 |    48 |    64 ||   135
Invok: Fiery Armour      |       |     1 |     4 |     7 ||    12
  Use: Scroll            |     8 |     2 |     5 |    10 ||    25
       Potion            |     3 |       |     2 |     5 ||    10
 Stab: Distracted        |       |       |       |     1 ||     1
Armor: Robe              |    38 |    29 |    67 |    81 ||   215
Dodge: Dodged            |    32 |    38 |    92 |   169 ||   331
Block: Kite shield       |       |       |       |    18 ||    18

Table legend:
 A = Non-vault XP
 B = Vault XP
 C = Vault XP percentage of total XP
 D = Non-vault monster count
 E = Vault monster count
 F = Vault count percentage of total count
                 A         B        C        D         E       F
            +---------+---------+-------+---------+---------+-------
      Total |   14982 |    2866 |  16.1 |     210 |      37 |  15.0
            +---------+---------+-------+---------+---------+-------
        D:1 |      48 |       3 |   5.9 |      24 |       2 |   7.7
        D:2 |      29 |      37 |  56.1 |      14 |       1 |   6.7
        D:3 |      40 |      13 |  24.5 |      10 |       1 |   9.1
        D:4 |     335 |      58 |  14.8 |      15 |       5 |  25.0
        D:5 |     752 |      79 |   9.5 |      28 |      10 |  26.3
        D:6 |    2031 |     343 |  14.4 |      26 |       2 |   7.1
        D:7 |    1248 |     685 |  35.4 |      21 |       1 |   4.5
        D:8 |    2370 |    1079 |  31.3 |      23 |       6 |  20.7
        D:9 |    1442 |     283 |  16.4 |      18 |       1 |   5.3
       D:10 |    3829 |     144 |   3.6 |      24 |       6 |  20.0
       D:11 |     963 |       0 |   0.0 |       3 |       0 |   0.0
    Abyss:1 |    1895 |       0 |   0.0 |       4 |       0 |   0.0
      Sewer |       0 |     142 | 100.0 |       0 |       2 | 100.0
            +---------+---------+-------+---------+---------+-------
